 Dungeon Crawl Stone Soup version 0.24-a0-504-gcfb02b9d07 (webtiles) character file.

Game seed: 63711761992156305

20 DeathSun the Cudgeler (level 2, 0/24 HPs)
             Began as a Draconian Warper on July 17, 2019.
             Killed from afar by a dart slug (6 damage)
             ... with a slug dart
             ... on level 1 of the Dungeon.
             The game lasted 00:01:25 (436 turns).

DeathSun the Cudgeler (Draconian Warper)             Turns: 436, Time: 00:01:25

Health: 0/24       AC:  4    Str: 13    XL:     2   Next: 58%
Magic:  5/5        EV: 12    Int: 13    God:
Gold:   0          SH:  0    Dex: 10    Spells: 3/5 levels left

rFire    . . .     SeeInvis .   a - +0 mace
rCold    . . .     Gourm    .   (no shield)
rNeg     . . .     Faith    .   (armour unavailable)
rPois    .         Spirit   .   (helmet restricted)
rElec    .         Reflect  .   (no cloak)
rCorr    .         Harm     .   (no gloves)
MR       .....                  (no boots)
Stlth    +.........             (no amulet)
HPRegen  0.08/turn              (no ring)
MPRegen  0.09/turn              (no ring)

@: no status effects
A: unfitting armour, cold-blooded, AC +4
a: no special abilities


You were on level 1 of the Dungeon.
You were not hungry.

You visited 1 branch of the dungeon, and saw 1 of its levels.

Inventory:

Hand Weapons
 a - a +0 mace (weapon)
Missiles
 d - 5 boomerangs of dispersal (quivered)
 g - 7 boomerangs
Scrolls
 c - a scroll of blinking
 e - a scroll of enchant armour {unknown}
 h - a scroll of magic mapping {unknown}
Comestibles
 b - a chunk of flesh
 f - 2 rations


   Skills:
 - Level 2.1 Fighting
 * Level 3.2 Maces & Flails
 - Level 0.8 Throwing
 - Level 2.1 Dodging
 - Level 2.0 Spellcasting
 - Level 3.0 Translocations


You had 3 spell levels left.
You knew the following spells:

 Your Spells              Type           Power        Failure   Level  Hunger
a - Blink                 Tloc           N/A          11%         2    ###....

Your spell library contained the following spells:

 Spells                   Type           Power        Failure   Level  Hunger
 Shroud of Golubria       Chrm/Tloc      #.....       21%         2    ###....
 Gell's Gravitas          Tloc           #.........   22%         3    ####...
 Lesser Beckoning         Tloc           #.........   22%         3    ####...
 Teleport Other           Tloc           #.......     22%         3    ####...
 Passage of Golubria      Tloc           N/A          58%         4    #####..


Dungeon Overview and Level Annotations

Branches:
Dungeon (1/15)

Altars:


Innate Abilities, Weirdness & Mutations

Your plain brown scales are hard. (AC +4)
You cannot fit into any form of body armour.
You are cold-blooded and may be slowed by cold attacks.


Message History

Things that are here:
a jackal corpse x2
You are too injured to fight recklessly!
You are too injured to fight recklessly!
You hit the kobold.
The kobold is moderately wounded.
The kobold barely misses you.
You barely miss the kobold.
You tail-slap the kobold, but do no damage.
The kobold is moderately wounded.
The kobold hits you but does no damage.
The kobold hits you with a +0 short sword.
* * * LOW HITPOINT WARNING * * *
You hit the kobold.
You kill the kobold!
You completely miss the dart slug. The dart slug closely misses you.
You hit the dart slug but do no damage. The dart slug launches a dart at you.
The slug dart hits you.
You die...

..........# .........# ........#
#.......# .. ♣P #.......# #.# ≈P
♣≈P #.......# #.# P≈P≈ ≈.#
#...rs..# ##.# .P≈ #.# #w#
######..# ≈P.##.###
##@####.......# #.....#
##.............#####
#)....###.#.........#....... #
####.......†..#.###.#..#..####.
..♣≈≈......###..............####.
#.≈.≈P†....##.....##......>.#....
...≈.≈...####.........#.##..#.##.
##..#..#.# #...............#.##.
#.###.#.# ##...#########.......


You could see a dart slug, a giant cockroach and a rat.

Vanquished Creatures
  3 bats (D:1)
  5 giant cockroaches (D:1)
  A hobgoblin (D:1)
  3 jackals (D:1)
  A kobold (D:1)
  4 rats (D:1)
17 creatures vanquished.

Notes
Turn   | Place    | Note
-------+----------+-------------------------------------------
     0 | D:1      | DeathSun the Draconian Warper began the quest for the Orb.
     0 | D:1      | Reached XP level 1. HP: 17/17 MP: 3/3
   171 | D:1      | Reached XP level 2. HP: 13/24 MP: 5/5
   301 | D:1      | Learned a level 2 spell: Blink
   436 | D:1      | Killed from afar by a dart slug

Levels and vault maps discovered:
D:1:      dpeg_arrival_prison, layout_loops_cross, serial_bayou,
          serial_bayou_pond_a, serial_bayou_crossing, serial_bayou_pond_c,
          serial_bayou_pond_e, serial_bayou_pond_c

Skill      XL: |  1  2 |
---------------+-------+-----
Maces & Flails | 3 |  3.2
Fighting       | |  2.1
Throwing       | |  0.8
Dodging        | |  2.1
Spellcasting   | |  2.0
Translocations | |  3.0

Action                   || total
-------------------------++-------
Melee: Mace              ||    54
       Tailslap          ||     3
Armor: Skin              ||    52
Dodge: Dodged            ||    59

Table legend:
 A = Non-vault XP
 B = Vault XP
 C = Vault XP percentage of total XP
 D = Non-vault monster count
 E = Vault monster count
 F = Vault count percentage of total count
                 A         B        C        D         E       F
            +---------+---------+-------+---------+---------+-------
      Total |      20 |       9 |  31.0 |      11 |       6 |  35.3
            +---------+---------+-------+---------+---------+-------
        D:1 |      20 |       9 |  31.0 |      11 |       6 |  35.3
            +---------+---------+-------+---------+---------+-------
